 Dungeon Sprint DCSS version 0.29-a0-717-g6dac4ea423 (webtiles) character file.

Game seed: 10351895685238364353

17 rocky1 the Grave Robber (level 2, -2/19 HPs)
             Began as a Demonspawn Necromancer on June 27, 2022.
             Was a Believer of Sif Muna.
             Slain by a water moccasin (7 damage)
             ... in the Dungeon (Sprint VII: "The Pits").
             The game lasted 00:01:29 (374 turns).

rocky1 the Grave Robber (Demonspawn Necromancer)     Turns: 374, Time: 00:01:30

Health: -2/19      AC:  2    Str:  8    XL:     2   Next: 44%
Magic:  2/5        EV: 12    Int: 16    God:    Sif Muna [**....]
Gold:   0          SH:  0    Dex: 13    Spells: 4/5 levels left

rFire   . . .      SeeInvis .   k - +2 trident (protect)
rCold   . . .      Faith    .   (no shield)
rNeg    . . .      Spirit   .   a - +0 robe
rPois   .          Reflect  .   (no helmet)
rElec   .          Harm     .   (no cloak)
rCorr   .          Rampage  .   (no gloves)
Will    .....      NoTele   +   (no boots)
Stlth   ++........              (no amulet)
HPRegen 0.06/turn               (no ring)
MPRegen 0.09/turn               (no ring)

@: no status effects
A: demonic touch 1
a: Renounce Religion, Channel Magic


You were in the Dungeon.
You worshipped Sif Muna.
Sif Muna was pleased with you.
You visited 1 branch

Inventory:

Hand Weapons
 k - a +2 trident of protection (weapon)
Armour
 a - a +0 robe (worn)
Scrolls
 g - a scroll of blinking
 i - 5 scrolls of amnesia
 j - a scroll of summoning
Potions
 b - 5 potions of magic
 c - 5 potions of curing
 d - 6 potions of heal wounds
 e - a potion of haste
 f - 3 potions of berserk rage
 h - 2 potions of invisibility


   Skills:
 + Level 0.1 Fighting
 + Level 1.1 Polearms
 + Level 2.2 Dodging
 + Level 2.0 Stealth
 + Level 2.3 Spellcasting
 + Level 6.4 Necromancy


You had 4 spell levels left.
You knew the following spells:

 Your Spells              Type           Power      Damage    Failure   Level
a - Necrotize             Necr           88%        1d8       1%          1

Your spell library contained the following spells:

 Spells                   Type           Power      Damage    Failure   Level
 Vampiric Draining        Necr           22%        2d7       4%          3
 Animate Dead             Necr           22%        N/A       14%         4
 Agony                    Necr           22%        N/A       38%         5


Dungeon Overview and Level Annotations

Branches:
Dungeon (1/1)

Altars:
Ashenzari
Cheibriados
Dithmenos
Elyvilon
Fedhas
Gozag
Hepliaklqana
Kikubaaqudgha
Makhleb
Nemelex Xobeh
Okawaru
Qazlal
Ru
Sif Muna
Trog
Uskayaw
Vehumet
Wu Jian
Xom
Yredelemnul
Zin
The Shining One
Beogh
Jiyva
Lugonu


Innate Abilities, Weirdness & Mutations

Your touch may inflict minor irresistible damage on your foes.


Message History

The helpless water moccasin fails to defend itself.
You hit the water moccasin.
Your weapon exudes an aura of protection.
The water moccasin is lightly wounded.
The water moccasin bites you.
You are lethally poisoned!
The water moccasin poisons you!
You feel very sick.
There is an open door here.
The water moccasin attacks as you move away!
The water moccasin bites you.
You are more poisoned.
The water moccasin poisons you!
* * * LOW HITPOINT WARNING * * *
You feel very sick.
The bat skeleton hits you but does no damage.
You feel better. The water moccasin bites you.
* * * LOW HITPOINT WARNING * * *
The water moccasin closely misses you.
Unknown command.
Casting: Necrotize (safe; 1% risk of failure)
Confirm with . or Enter, or press ? or * to list all spells.
Aiming: Necrotize (safe; 1% risk of failure)
Press: ? - help, Shift-Dir - straight line, f/p - water moccasin
Aim: a water moccasin (lightly wounded, chance to affect: 81%)
The water moccasin writhes in agony.
The water moccasin bites you but does no damage.
Casting: Necrotize (safe; 1% risk of failure)
Confirm with . or Enter, or press ? or * to list all spells.
Aiming: Necrotize (safe; 1% risk of failure)
Press: ? - help, Shift-Dir - straight line, f/p - water moccasin
Aim: a water moccasin (moderately wounded, chance to affect: 81%)
The water moccasin writhes in agony!
The water moccasin closely misses you.
Casting: Necrotize (safe; 1% risk of failure)
Confirm with . or Enter, or press ? or * to list all spells.
Aiming: Necrotize (safe; 1% risk of failure)
Press: ? - help, Shift-Dir - straight line, f/p - water moccasin
Aim: a water moccasin (severely wounded, chance to affect: 81%)
The water moccasin writhes in agony.
The water moccasin bites you!
You die...

#'#####÷#####.....
#.#..#..#..##.....
#.#..÷..'..#####'#
#.##'####+###.....
#.#...†....##.....
#.#........##.....
#.#####'#####...<.
#.#...)))[.##.....
#@#...)))[.##.....
#S###########.....
#sZ.....# ######
#..###..# #...
##.## ... ..# ...


You could see a water moccasin, a scorpion and a bat skeleton.

Vanquished Creatures
  An ufetubus (D)
  An adder zombie (D)
  A ball python (D)
  An endoplasm (D)
  A quokka (D)
  2 ball python skeletons (D)
  A bat (D)
  A frilled lizard (D)
  A rat (D)
10 creatures vanquished.

Notes
Turn   | Place    | Note
-------+----------+-------------------------------------------
     0 | D        | rocky1 the Demonspawn Necromancer began the quest for the
                  | Orb.
     0 | D        | Reached XP level 1. HP: 13/13 MP: 3/3
    18 | D        | Found a bloodstained altar of Trog.
    18 | D        | Found a shimmering blue altar of Sif Muna.
    18 | D        | Found a viscous altar of Jiyva.
    18 | D        | Found a hazy altar of Hepliaklqana.
    18 | D        | Found an opulent altar of Gozag.
    19 | D        | Found a basalt altar of Yredelemnul.
    19 | D        | Found a shimmering altar of Xom.
    19 | D        | Found an ornate altar of the Wu Jian Council.
    19 | D        | Found a sacrificial altar of Ru.
    19 | D        | Found a stormy altar of Qazlal.
    19 | D        | Found an iron altar of Okawaru.
    19 | D        | Found a sparkling altar of Nemelex Xobeh.
    19 | D        | Found a burning altar of Makhleb.
    19 | D        | Found a blossoming altar of Fedhas.
    19 | D        | Found a shadowy altar of Dithmenos.
    19 | D        | Found a snail-covered altar of Cheibriados.
    22 | D        | Found a corrupted altar of Lugonu.
    22 | D        | Found a radiant altar of Vehumet.
    23 | D        | Found an ancient bone altar of Kikubaaqudgha.
    23 | D        | Found a hide-covered altar of Uskayaw.
    23 | D        | Found a broken altar of Ashenzari.
    24 | D        | Became a worshipper of Sif Muna the Loreminder
    76 | D        | Reached skill level 5 in Necromancy
    77 | D        | Reached * piety under Sif Muna
    85 | D        | Gained mutation: Your touch may inflict minor irresistible
                  | damage on your foes. [demonic ancestry]
    85 | D        | Reached XP level 2. HP: 15/19 MP: 5/5
    86 | D        | Reached skill level 6 in Necromancy
   314 | D        | Reached ** piety under Sif Muna
   315 | D        | Reached skill level 1 in Polearms
   365 | D        | Noticed a scorpion
   366 | D        | Noticed a water moccasin
   374 | D        | Slain by a water moccasin

Illustrated notes

Levels and vault maps discovered:
D:        pitsprint [storerooms_1, entrance_room_1, metal_vault_4, armoury_3,
          mini_pit_1, grid_room_1, main_hall_1, silver_pit, the_coven_3,
          the_vestibule_1, steel_vault_5, golden_pit, hallway_of_sentries,
          crystal_vault_2, iron_vault_4, final_vault]

Skill      XL: |  1  2 |
---------------+-------+-----
Necromancy     | 5 6 |  6.4
Dodging        | 2 |  2.2
Polearms       | 1 |  1.1
Stealth        | 2 |  2.0
Fighting       | |  0.1
Spellcasting   | |  2.3

Action                   || total
-------------------------++-------
Melee: Trident           ||    23
       Touch             ||     1
 Cast: Necrotize         ||     4
  Use: Potion            ||     1
 Stab: Sleeping          ||     3
Armor: Robe              ||     8
Dodge: Dodged            ||    20

Table legend: (Time is in decaauts)
 A = Elapsed time spent in this place.
 B = Non-inter-level travel time spent in this place.
 C = Inter-level travel time spent in this place.
 D = Time resting spent in this place.
 E = Time spent auto-exploring this place.
 F = Levels seen in this place.
 G = Mean time per level.
                   A        B        C        D        E       F      G
               +--------+--------+--------+--------+--------+-----+--------+
         Total |    379 |    379 |      0 |    218 |     22 |   1 |  379.0 |
       Dungeon |    379 |    379 |      0 |    218 |     22 |   1 |  379.0 |
               +--------+--------+--------+--------+--------+-----+--------+

Top non-repeatable levels by time:
       D: 379 daAuts
